 Dungeon Crawl Stone Soup version 0.27-a0-343-gfcad680f63 (webtiles) character file.

Game seed: 14399878947478810348

42988 dickylongcocking the Geomancer (level 13, -2/111 HPs)
             Began as a Deep Dwarf Earth Elementalist on Feb 14, 2021.
             Was the Champion of Makhleb.
             Succumbed to an orc warlord's poison
             ... on level 11 of the Dungeon.
             The game lasted 00:33:46 (23814 turns).

dickylongcocking the Geomancer (DDEE)              Turns: 23814, Time: 00:33:46

Health: -2/111     AC: 26    Str: 16    XL:     13   Next: 88%
Magic:  26/26      EV:  8    Int: 22    God:    Makhleb [******]
Gold:   1123       SH: 20    Dex: 13    Spells: 17/30 levels left

rFire    + . .     SeeInvis .   t - +1 whip (elec)
rCold    . . .     Faith    .   W - +4 tower shield {AC+3}
rNeg     . . .     Spirit   .   C - +1 swamp dragon scales
rPois    +         Reflect  .   i - +0 helmet
rElec    .         Harm     .   k - +2 cloak
rCorr    .         Rampage  .   e - +0 pair of gloves
Will     +....                  a - +0 pair of boots
Stlth    ++........             (no amulet)
HPRegen  0.00/turn              T - ring of Generosity {rF+ Str+5 Stlth+}
MPRegen  0.20/turn              B - +4 ring of protection

@: lethally poisoned (-2 -> -22), non-regenerating, studying Maces & Flails
A: damage resistance, heal wounds, sense surroundings 2, no regeneration
a: Heal Wounds, Renounce Religion, Minor Destruction, Lesser Servant of Makhleb,
Major Destruction, Greater Servant of Makhleb


You were on level 11 of the Dungeon.
You worshipped Makhleb.
Makhleb was exalted by your worship.
You visited 3 branches of the dungeon, and saw 18 of its levels.
You also visited: Ice Cave and Volcano.

You collected 1370 gold pieces.
You spent 247 gold pieces at shops.

Inventory:

Hand Weapons
 d - a +0 falchion
 g - a +1 dagger
 n - a +0 war axe
 t - a +1 whip of electrocution (weapon)
 H - a +0 quick blade of freezing
 M - a +4 triple sword of freezing
 P - the +6 quarterstaff of Slow Death {spect, rPois rF+ SInv}
   (You found it in an ice cave)

   When it strikes, its spirit leaps out and fights alongside the wielder.
   It protects you from fire.
   It protects you from poison.
   It lets you see invisible.
Armour
 a - a +0 pair of boots (worn)
 c - a +0 robe
 e - a +0 pair of gloves (worn)
 h - a +0 ring mail
 i - a +0 helmet (worn)
 k - a +2 cloak (worn)
 w - a +0 buckler
 C - +1 swamp dragon scales (worn)
 U - the +1 kite shield "Jepsyuj" {-Cast Int+4 Dex+3 Stlth+}
   (You found it on level 3 of the Lair of Beasts)

   It affects your intelligence (+4).
   It affects your dexterity (+3).
   It prevents spellcasting.
   It makes you more stealthy.
 W - a +4 tower shield of protection (worn)
Jewellery
 v - a ring of ice
 y - a ring of willpower
 B - a +4 ring of protection (right hand)
 J - a ring of see invisible
 T - the ring of Generosity (left hand) {rF+ Str+5 Stlth+}
   (You found it on level 5 of the Lair of Beasts)

   [ring of protection from fire]

   It affects your strength (+5).
   It protects you from fire.
   It makes you more stealthy.
 V - a +4 ring of evasion {unknown}
Wands
 b - a wand of charming (9)
 m - a wand of flame (26)
 F - a wand of paralysis (10)
 I - a wand of polymorph (17)
 L - a wand of acid (6)
 O - a wand of digging (6)
 Q - a wand of random effects (14)
Scrolls
 s - 3 scrolls of blinking
 u - 4 scrolls of amnesia
 x - a scroll of immolation
 A - 4 scrolls of teleportation
 D - a scroll of fog
 E - 2 scrolls of random uselessness
 G - a scroll of vulnerability
 K - a scroll of silence
 S - 3 scrolls of identify
Potions
 f - 3 potions of flight
 j - 6 potions of brilliance
 o - 3 potions of haste
 p - 8 potions of mutation
 q - a potion of cancellation
 r - 3 potions of might
 z - 2 potions of curing
 N - 3 potions of berserk rage
 R - a potion of resistance


   Skills:
 * Level 5.9 Fighting
 - Level 1.0 Short Blades
 - Level 11.3 Maces & Flails
 - Level 11.0 Armour
 - Level 2.1 Dodging
 - Level 2.4 Stealth
 * Level 9.0 Shields
 - Level 9.0 Spellcasting
 + Level 4.9 Transmutations
 * Level 14.5 Earth Magic
 - Level 9.1 Invocations
 - Level 2.7 Evocations


You had 17 spell levels left.
You knew the following spells:

 Your Spells              Type           Power        Failure   Level
a - Sandblast             Erth           100%         1%          1
b - Petrify               Tmut/Erth      51%          16%         4
c - Lee's Rapid Deconstr  Erth           32%          6%          5
x - Stone Arrow           Conj/Erth      82%          13%         3

Your spell library contained the following spells:

 Spells                   Type           Power        Failure   Level
 Passwall                 Tmut/Erth      42%          2%          2
 Sting                    Tmut/Pois      80%          32%         1
 Leda's Liquefaction      Hex/Erth       20%          41%         4
 Corona                   Hex            10%          65%         1
 Poisonous Vapours        Pois/Air       18%          78%         2
 Slow                     Hex            9%           78%         2
 Ignite Poison            Fire/Tmut/Pois 17%          80%         3
 Conjure Flame            Conj/Fire      9%           95%         3
 Inner Flame              Hex/Fire       9%           95%         3
 Mephitic Cloud           Conj/Pois/Air  9%           95%         3
 Portal Projectile        Hex/Tloc       18%          95%         3
 Cause Fear               Hex            4%           100%        4
 Olgreb's Toxic Radiance  Pois           9%           100%        4
 Freezing Cloud           Conj/Ice/Air   4%           100%        6


Dungeon Overview and Level Annotations

Branches:
Dungeon (12/15)            Temple (0/1) D:4            Lair (5/6) D:9
  Swamp (0/4) Lair:2        Snake (0/4) Lair:3        Slime (0/5) Lair:5
    Orc (1/2) D:11          IceCv (visited)         Volcano (visited)

Altars:
Dithmenos
Elyvilon
Fedhas
Kikubaaqudgha
Makhleb
Okawaru
Sif Muna
Uskayaw
Xom
Jiyva

Shops:
D:6 [   D:7 *

Annotations:
Lair:4 exclusion: oklob plant


Innate Abilities, Weirdness & Mutations

You are resistant to damage.
You can heal yourself by infusing magical energy.
You passively map the area around you.
You do not regenerate.


Message History

There is an open door here.
There is a stone staircase leading down here.
You climb downwards.
There is a stone staircase leading up here.
You see here a +0 giant club.
There is a staircase to the Orcish Mines, spattered with blood here.
You climb downwards.
Welcome back to the Orcish Mines! 2 orcs come into view.
The orc shouts!
An orc warrior comes into view. It is wielding a +0 mace.
The orc sorcerer gestures wildly while chanting.
An orc knight comes into view. It is wielding a +0 battleaxe.
The orc warlord roars a battlecry!
The orcs go into a battle-frenzy!
You block the ogre's attack. You block the orc's attack.
The orc hits you but does no damage.
The orc shouts!
The orc warrior shouts!
There is a staircase back to the Dungeon, spattered with blood here.
Unknown command.
Unknown command.
Unknown command.
Unknown command.
You hear a shout! x2
The orc knight roars a battlecry!
The orc warlord goes into a battle-frenzy!
The orc warlord hits you with a +0 war axe of venom!!!
* * * LOW HITPOINT WARNING * * *
You are lethally poisoned!
You block the orc's attack. x2; You block the ogre's attack.
You hear a shout!
You climb upwards.
Welcome back to the Dungeon!
* * * LOW HITPOINT WARNING * * *
You feel very sick.
There is a staircase to the Orcish Mines, spattered with blood here.
Unknown command.
Unknown command.
Blink to where?
Press: ? - help, Dir - move target
As you read the scroll of blinking, it crumbles to dust.
You die...

.#...###'##..oOo.......##########
.#...#....#.#o§#.....#.#.....##.#
.#...####.'.#..#..#..#.#..#####.#
.#......#.#............#..# #.#
.#......#.#.......######..# #..
.#......###.......#.......# ##'#
##...#'#..........'.......# #...
.....#.#.#..####..#.......####.#.
.....#.#........@.####'####....#.
#....#.###'######.......# #.#..#.
.....#.......##.#..#....# #....#.
.....#.......##.#..#..#.# #....#.
#....#.......##.#..#..#.# #....#.
#....#..........#..#....# #....#)
#....#..........'..#....# #....#.
.....#.########.#.......# #....#.
.....#.# #.#.......# #....#.


You could see an orc (strong).

Vanquished Creatures
  A red draconian (Volcano)
  3 hydras
  2 boulder beetles
  A centaur warrior (Volcano)
  A two-headed ogre (D:8)
  5 death yaks (Lair:2)
  An unseen horror (D:10)
  Pikel (D:4)
  2 ice statues (IceCv)
  3 black mambas
  2 molten gargoyles (Volcano)
  7 cane toads
  Maggie (D:6)
  7 komodo dragons
  14 rime drakes
  2 yaktaurs (Volcano)
  11 ice devils
  3 trolls
  15 blink frogs
  Grinder (D:6)
  4 wyverns
  38 yaks
  2 fire bats (Volcano)
  Grum (D:10)
  3 basilisks
  8 steam dragons (Lair:5)
  3 nagas (Lair:3)
  8 water moccasins
  5 orc warriors
  2 ice beasts
  A sky beast (D:8)
  4 black bears
  8 centaurs
  15 wolves
  9 ogres
  4 phantoms
  10 bullfrogs
  A gnoll sergeant (D:10)
  A scorpion (D:8)
  9 killer bees
  8 wights (D:9)
  3 electric eels
  A centaur zombie (D:9)
  5 lava snakes (Volcano)
  A bullfrog zombie (D:11)
  A centaur skeleton (D:6)
  3 jellies
  10 orc priests
  2 bullfrog skeletons
  12 hounds
  2 iguanas
  Terence (D:2)
  11 orc wizards
  8 worker ants
  3 hound skeletons
  3 worker ant zombies
  Robin (D:2)
  3 gnolls (D:10)
  A howler monkey skeleton (D:4)
  17 adders
  A shadow imp (D:8)
  14 white imps
  9 ufetubi
  2 adder skeletons
  An adder zombie (D:5)
  2 worms (D:3)
  The ghost of Snicker the Sneak, a weakling DsDe of Hepliaklqana (D:5)
  A dart slug (D:3)
  6 leopard geckos
  52 orcs
  8 bats
  8 giant cockroaches
  14 goblins
  8 hobgoblins
  18 jackals
  8 kobolds
  6 quokkas
  A ball python (D:1)
  4 frilled lizards
  A jackal zombie (D:5)
  A leopard gecko skeleton (D:8)
  A quokka skeleton (D:9)
  A quokka zombie (D:8)
  5 rats
488 creatures vanquished.

Vanquished Creatures (collateral kills)
  A cane toad (Lair:4)
1 creature vanquished.

Vanquished Creatures (others)
  A reaper (IceCv)
  3 rime drakes (Lair:5)
  An orc wizard (D:10)
  2 white imps (IceCv)
  2 ufetubi (IceCv)
  22 fungi
  49 plants
80 creatures vanquished.

Grand Total: 569 creatures vanquished

Notes
Turn   | Place    | Note
-------+----------+-------------------------------------------
     0 | D:1      | dickylongcocking the Deep Dwarf Earth Elementalist began
                  | the quest for the Orb.
     0 | D:1      | Reached XP level 1. HP: 15/15 MP: 3/3
   343 | D:1      | Reached XP level 2. HP: 22/22 MP: 2/4
   392 | D:1      | Reached skill level 5 in Earth Magic
   887 | D:2      | Found a hide-covered altar of Uskayaw.
   896 | D:2      | Reached XP level 3. HP: 28/28 MP: 1/5
   981 | D:2      | Noticed Robin
   986 | D:2      | Noticed Terence
  1004 | D:2      | Killed Robin
  1014 | D:2      | Reached skill level 1 in Armour
  1026 | D:2      | Killed Terence
  1027 | D:2      | Reached skill level 1 in Fighting
  1027 | D:2      | Reached XP level 4. HP: 14/38 MP: 0/6
  2131 | D:3      | Reached skill level 6 in Earth Magic
  2155 | D:3      | Found a burning altar of Makhleb.
  2163 | D:3      | Became a worshipper of Makhleb the Destroyer
  2313 | D:3      | Reached XP level 5. HP: 9/45 MP: 0/7
  3221 | D:4      | Learned a level 3 spell: Stone Arrow
  3357 | D:4      | Noticed a phantom
  3361 | D:4      | Killed a phantom
  3361 | D:4      | Reached * piety under Makhleb
  3504 | D:4      | Noticed an ogre
  3510 | D:4      | Reached XP level 6. HP: 53/55 MP: 2/8
  3526 | D:4      | Reached skill level 7 in Earth Magic
  3671 | D:4      | Found a staircase to the Ecumenical Temple.
  3899 | D:4      | Noticed Pikel
  3963 | D:4      | Killed Pikel
  3964 | D:4      | Reached skill level 8 in Earth Magic
  3964 | D:4      | Reached XP level 7. HP: 41/64 MP: 2/11
  4137 | D:4      | Found a shadowy altar of Dithmenos.
  4298 | D:4      | Reached skill level 5 in Armour
  4298 | D:4      | Reached XP level 8. HP: 46/72 MP: 9/12
  4471 | D:4      | Reached skill level 1 in Maces & Flails
  4490 | D:4      | Learned a level 5 spell: Lee's Rapid Deconstruction
  4666 | D:5      | Entered Level 5 of the Dungeon
  4709 | D:5      | Reached skill level 1 in Shields
  4860 | D:5      | Found a runed translucent gate.
  4861 | D:5      | Noticed Snicker's ghost (weakling DsDe)
  4862 | D:5      | Found a runed translucent gate.
  4864 | D:5      | Found a runed translucent gate.
  4945 | D:5      | Reached ** piety under Makhleb
  5082 | D:5      | Reached skill level 9 in Earth Magic
  5813 | D:5      | Killed Snicker's ghost
  6073 | D:6      | Noticed Grinder
  6087 | D:6      | Killed Grinder
  6088 | D:6      | Gained mutation: You passively map the area around you.
                  | [Deep Dwarf growth]
  6088 | D:6      | Reached XP level 9. HP: 78/78 MP: 2/15
  6317 | D:6      | Noticed Maggie
  6322 | D:6      | Killed Maggie
  6555 | D:6      | Found a blossoming altar of Fedhas.
  6666 | D:6      | Found Yboet's Armour Emporium.
  6705 | D:6      | Found a shimmering altar of Xom.
  6705 | D:6      | Found an iron altar of Okawaru.
  6947 | D:7      | Found Faeqic's Assorted Antiques.
  7011 | D:7      | Reached *** piety under Makhleb
  7539 | D:8      | Found a white marble altar of Elyvilon.
  7544 | D:8      | Reached skill level 10 in Earth Magic
  7790 | D:8      | Reached skill level 5 in Maces & Flails
  7790 | D:8      | Reached skill level 5 in Spellcasting
  7835 | D:8      | Reached XP level 10. HP: 56/85 MP: 1/17
  8127 | D:8      | Noticed a two-headed ogre
  8134 | D:8      | Killed a two-headed ogre
  8145 | D:8      | Reached **** piety under Makhleb
  8253 | D:8      | Reached skill level 11 in Earth Magic
  8544 | D:8      | Found a white marble altar of Elyvilon.
  8607 | D:8      | Found a blossoming altar of Fedhas.
  9318 | D:9      | Found a staircase to the Lair.
  9427 | D:9      | Found an ancient bone altar of Kikubaaqudgha.
  9605 | D:9      | Learned a level 4 spell: Petrify
  9733 | D:9      | Reached skill level 1 in Transmutations
 10459 | D:9      | Found a shimmering blue altar of Sif Muna.
 10499 | D:10     | Entered Level 10 of the Dungeon
 10574 | D:10     | Reached ***** piety under Makhleb
 10995 | D:10     | Noticed Grum
 11002 | D:10     | Killed Grum
 11003 | D:10     | Reached XP level 11. HP: 92/92 MP: 4/20
 11384 | D:10     | Killed an unseen horror
 11385 | D:10     | Reached skill level 12 in Earth Magic
 11515 | D:11     | Noticed a boulder beetle
 11537 | D:11     | Killed a boulder beetle
 11538 | D:11     | Reached skill level 1 in Invocations
 11713 | D:11     | Found a staircase to the Orcish Mines.
 12718 | D:12     | Noticed a six-headed hydra
 12794 | Orc:1    | Entered Level 1 of the Orcish Mines
 12794 | Orc:1    | Noticed an orc warlord
 12794 | Orc:1    | Noticed an orc sorcerer
 13068 | Lair:1   | Entered Level 1 of the Lair of Beasts
 13140 | Lair:1   | Noticed an eight-headed hydra
 13143 | Lair:1   | Killed an eight-headed hydra
 13144 | Lair:1   | Reached skill level 5 in Shields
 13639 | Lair:1   | Noticed a six-headed hydra
 13670 | Lair:1   | Killed a six-headed hydra
 13671 | Lair:1   | Reached skill level 10 in Maces & Flails
 14348 | Lair:1   | Reached skill level 10 in Armour
 14450 | Lair:2   | Reached XP level 12. HP: 99/99 MP: 17/23
 14453 | Lair:2   | Found a frozen archway.
 14480 | IceCv    | Entered an ice cave
 14687 | IceCv    | Killed a reaper
 14944 | IceCv    | Reached skill level 5 in Invocations
 15231 | IceCv    | Reached skill level 13 in Earth Magic
 15926 | IceCv    | Got an iridescent quarterstaff
 15926 | IceCv    | Identified the +6 quarterstaff of Slow Death {spect, rPois
                  | rF+ SInv} (You found it in an ice cave)
 16043 | Lair:2   | Noticed a death yak
 16044 | Lair:2   | Noticed a death yak
 16047 | Lair:2   | Noticed a death yak
 16077 | Lair:2   | Killed a death yak
 16078 | Lair:2   | Noticed a death yak
 16079 | Lair:2   | Killed a death yak
 16083 | Lair:2   | Noticed a death yak
 16090 | Lair:2   | Killed a death yak
 16095 | Lair:2   | Killed a death yak
 16104 | Lair:2   | Killed a death yak
 16973 | Lair:2   | Found a staircase to the Swamp.
 17023 | Lair:2   | Noticed a boulder beetle
 17043 | Lair:2   | Killed a boulder beetle
 17872 | Lair:3   | Found a staircase to the Snake Pit.
 17894 | Lair:3   | Reached skill level 1 in Short Blades
 17894 | Lair:3   | Reached XP level 13. HP: 101/108 MP: 8/25
 18687 | Lair:3   | Got a jewelled kite shield
 18697 | Lair:3   | Identified the +1 kite shield "Jepsyuj" {-Cast Int+4 Dex+3
                  | Stlth+} (You found it on level 3 of the Lair of Beasts)
 18900 | Lair:4   | Reached ****** piety under Makhleb
 18944 | Lair:4   | Found a dark tunnel.
 18949 | Volcano  | Entered a volcano
 19133 | Volcano  | Found a radiant altar of Vehumet.
 19140 | Volcano  | Noticed a red draconian
 19159 | Volcano  | Reached skill level 5 in Fighting
 19168 | Volcano  | Killed a red draconian
 19169 | Volcano  | Reached skill level 14 in Earth Magic
 19715 | Lair:4   | Reached skill level 1 in Evocations
 21901 | Lair:5   | Found a viscous altar of Jiyva.
 21908 | Lair:5   | Found a staircase to the Slime Pits.
 21951 | Lair:5   | Got a warped jade ring
 22710 | Lair:5   | Noticed a fire dragon
 22719 | Lair:5   | Identified the ring of Generosity {rF+ Str+5 Stlth+} (You
                  | found it on level 5 of the Lair of Beasts)
 23520 | D:6      | Bought a +1 tower shield of protection for 247 gold pieces
 23813 | D:11     | HP: 1/111 [poisoned by an orc warlord]
 23814 | D:11     | Succumbed to an orc warlord's poison

Illustrated notes

Levels and vault maps discovered:
D:1:      dpeg_arrival_houses_and_road, layout_basic
D:2:      layout_basic, old_standard_altar, uniq_robin, uniq_terence
D:3:      layout_basic, lemuel_crystal_altar
D:4:      minmay_chambers_of_threes, layout_gridville,
          grunt_dithmenos_smoke_and_mirrors,
          minmay_temple_entry_drinking_statues, uniq_pikel
D:5:      layout_cave_pods, gammafunk_ghost_split, grunt_ministairs_2
D:6:      layout_loops_cross, amethyst_overflow_temple_binary, serial_shops,
          shop, fedhas_ov_isle_minmay, uniq_maggie, uniq_grinder
D:7:      layout_rooms, minmay_shop_grid_forest, minmay_manual_mares
D:8:      layout_cave_pools, elyvilon_altar_3, hangedman_feature_mirror,
          dk_vineyard_1
D:9:      layout_stronghold, kennysheep_mini, erik_lair_island, basic_altar
D:10:     layout_roguey, special_room [special_room_orc], uniq_grum
D:11:     layout_stronghold, orc_0_dummy, minmay_misc_feat_diagonals,
          billiards_dpeg
D:12:     minmay_complete_graph, layout_long_grid, special_room
          [special_room_orc], basic_altar, hangedman_fish_farm
Lair:1:   layout_loops_ring, serial_bayou_lagoon_a
Lair:2:   layout_chaotic_city, swamp_mist, portal_ice_cave_demonic_guard,
          nzn_sisyphean_effort
Lair:3:   layout_concentric_octagons, guppyfry_snake_entry_island,
          grunt_megastairs_2
Lair:4:   layout_big_grid, nicolae_volcano_entry_s_turn, grunt_megastairs_1
Lair:5:   layout_loops_ring, slime_altar_1, nicolae_quartered_pool_super,
          bobbens_dragon_lair_wall
Orc:1:    layout_caves

Skill      XL: |  1  2  3  4  5  6  7  8  9 10 11 12 13 |
---------------+----------------------------------------+-----
Earth Magic    | 5 6 8 9 10 11 12 13 14 | 14.5
Armour         | 1 2 3 4 5 6 7 9 10 11 | 11.0
Fighting       | 1 2 4 5 |  5.9
Spellcasting   | 2 3 4 5 6 7 8 9 |  9.0
Maces & Flails | 3 6 8 10 11 | 11.3
Shields        | 2 4 6 7 9 |  9.0
Transmutations | 1 3 4 |  4.9
Invocations    | 4 7 9 |  9.1
Short Blades   | 1 |  1.0
Evocations     | 2 |  2.7
Dodging        | |  2.1
Stealth        | |  2.4

Action                   |  1- 3 |  4- 6 |  7- 9 | 10-12 | 13-15 || total
-------------------------+-------+-------+-------+-------+-------++-------
Melee: Dagger            |    33 |       |       |       |       ||    33
       Falchion          |       |     7 |       |       |       ||     7
       War axe           |       |     6 |       |       |       ||     6
       Whip              |       |       |   140 |   177 |   247 ||   564
 Cast: Sandblast         |    40 |    87 |   113 |   271 |    28 ||   539
       Stone Arrow       |       |       |     6 |    54 |    61 ||   121
       Lee's Rapid Decon |       |       |    12 |    62 |    51 ||   125
       Petrify           |       |       |       |     6 |    11 ||    17
Invok: Lesser Servant of |       |       |       |     3 |     1 ||     4
Evoke: Wand              |       |       |     8 |    15 |     6 ||    29
  Use: Scroll            |     3 |       |       |    14 |     9 ||    26
       Potion            |     2 |     5 |       |     2 |    10 ||    19
 Stab: Petrified         |       |       |       |    10 |     8 ||    18
       Paralysed         |       |       |       |       |     3 ||     3
Armor: Robe              |    11 |       |       |       |       ||    11
       Ring mail         |    13 |    25 |    38 |       |       ||    76
       Swamp dragon scal |       |       |    68 |   154 |   170 ||   392
Dodge: Dodged            |    46 |    30 |   112 |   134 |   166 ||   488
Block: Buckler           |       |       |    54 |    57 |    93 ||   204
       Tower shield      |       |       |       |       |     5 ||     5
       Rpst.: Falchion   |       |     5 |       |       |       ||     5

Table legend: (Time is in decaauts)
 A = Elapsed time spent in this place.
 B = Non-inter-level travel time spent in this place.
 C = Inter-level travel time spent in this place.
 D = Time resting spent in this place.
 E = Time spent auto-exploring this place.
 F = Levels seen in this place.
 G = Mean time per level.
                   A        B        C        D        E       F      G
               +--------+--------+--------+--------+--------+-----+--------+
         Total |  23630 |  22672 |    958 |   4467 |  14834 |  20 | 1181.5 |
       Dungeon |  13418 |  12789 |    629 |   1734 |   9268 |  12 | 1118.2 |
          Lair |   8091 |   7763 |    328 |   1881 |   4812 |   5 | 1618.2 |
  Orcish Mines |      7 |      7 |      0 |      0 |      0 |   1 |    7.0 |
      Ice Cave |   1462 |   1462 |      0 |    726 |    481 |   1 | 1462.0 |
       Volcano |    650 |    650 |      0 |    126 |    272 |   1 |  650.0 |
               +--------+--------+--------+--------+--------+-----+--------+

Top non-repeatable levels by time:
  Lair:4: 2235 daAuts
     D:9: 1835 daAuts
  Lair:3: 1608 daAuts
    D:11: 1575 daAuts
  Lair:2: 1558 daAuts
   IceCv: 1462 daAuts
     D:4: 1460 daAuts
  Lair:1: 1413 daAuts
     D:2: 1382 daAuts
     D:8: 1303 daAuts
     D:5: 1301 daAuts
  Lair:5: 1276 daAuts
     D:6: 1119 daAuts
     D:3: 1039 daAuts
    D:10: 992 daAuts
